 Dungeon Crawl Stone Soup version 0.22.1-2-g9c5b331383 (webtiles) character file.

46 Gargoyl the Skirmisher (level 3, 0/31 HPs)
             Began as a Centaur Abyssal Knight on Nov 21, 2018.
             Was a Follower of Lugonu.
             Slain by Jessica
             ... wielding a +0 dagger
              (4 damage)
             ... on level 2 of the Dungeon.
             The game lasted 00:01:47 (1542 turns).

Gargoyl the Skirmisher (Centaur Abyssal Knight)     Turns: 1542, Time: 00:01:48

Health: 0/31       AC:  6    Str: 14    XL:     3   Next: 44%
Magic:  4/4        EV:  9    Int: 11    God:    Lugonu [*.....]
Gold:   41         SH:  0    Dex:  9    Spells: 2/2 levels left

rFire    + . .     SeeInvis .   a - +2 hand axe
rCold    . . .     Gourm    .   (no shield)
rNeg     . . .     Faith    .   b - +0 leather armour
rPois    .         Spirit   .   (no helmet)
rElec    .         Reflect  .   (no cloak)
rCorr    .         Harm     .   (no gloves)
MR       .....                  (no barding)
Stlth    ..........             (no amulet)
HPRegen  0.10/turn              e - ring of protection from fire
MPRegen  0.09/turn              f - +2 ring of protection

@: very quick
A: large, hooves 3, deformed body, speed 2, tough skin 3
a: Depart the Abyss, Renounce Religion


You were on level 2 of the Dungeon.
You worshipped Lugonu.
Lugonu was aware of your devotion.
You were very hungry.

You visited 1 branch of the dungeon, and saw 2 of its levels.
You visited the Abyss 1 time.

You collected 41 gold pieces.

Inventory:

Hand Weapons
 a - a +2 hand axe (weapon)
Armour
 b - a +0 leather armour (worn)
Jewellery
 e - a ring of protection from fire (left hand)
 f - a +2 ring of protection (right hand)
Scrolls
 i - a scroll of fear {unknown}
 j - a scroll of identify
Potions
 d - a potion of haste {unknown}
 g - a potion of heal wounds {unknown}
 h - a potion of mutation {unknown}
Comestibles
 c - 6 rations


   Skills:
 + Level 3.4 Fighting
 + Level 2.2 Axes
 * Level 1.8 Armour
 + Level 0.8 Dodging
 * Level 2.5 Invocations


You had 2 spell levels left.
You didn't know any spells.
Your spell library was empty.

Dungeon Overview and Level Annotations

Branches:
Dungeon (2/15)

Altars:

Annotations:
D:2 Jessica


Innate Abilities, Weirdness & Mutations

You have hooves in place of feet.
Armour fits poorly on your strangely shaped body.
You cover ground very quickly.
You have extremely tough skin. (AC +3)


Message History

You are no longer poisoned.
You start resting.
HP restored.
Jessica the Apprentice Sorceress comes into view.
She is wielding a dagger.
Jessica shouts!
Jessica is nearby!
Jessica gestures wildly while chanting.
Jessica blinks!
Jessica points at you and mumbles some strange words.
Pain shoots through your body! Jessica gestures at you while chanting.
Pain shoots through your body!
* * * LOW HITPOINT WARNING * * *
You barely miss Jessica. Your kick misses Jessica.
You are feeling very hungry.
Jessica hits you with a dagger.
* * * LOW HITPOINT WARNING * * *
You barely miss Jessica. Your kick misses Jessica.
Jessica hits you with a dagger.
You die...

# #+# ..# #
#####.# #...#.
....#.# #...###
......##
#.@.###
#......##
#@..###
........#
###...###
#<##...##
###...###
#.##...#######.
###...###
#.##...........
###...#
#.###..########
###.# #.# #..#
#.# #.# #..#
#.# #.. ...#
#.#


You could see Jessica.

Vanquished Creatures
  2 adders (D:2)
  2 dart slugs
  2 leopard geckos (D:1)
  3 hobgoblins
  2 jackals (D:2)
  4 bats
  A frilled lizard (D:1)
  4 goblins
  4 rats
24 creatures vanquished.

Notes
Turn   | Place    | Note
-------+----------+-------------------------------------------
     0 | Abyss:1  | Gargoyl the Centaur Abyssal Knight began the quest for the
                  | Orb.
     0 | Abyss:1  | Reached XP level 1. HP: 19/19 MP: 2/2
    24 | Abyss:1  | Noticed an apocalypse crab
    30 | Abyss:1  | Noticed an ancient zyme
    32 | D:1      | Escaped the Abyss
   568 | D:1      | Reached XP level 2. HP: 26/26 MP: 3/3
   662 | D:1      | Reached * piety under Lugonu
  1193 | D:2      | Reached XP level 3. HP: 30/31 MP: 4/4
  1533 | D:2      | Noticed Jessica
  1542 | D:2      | Slain by Jessica

Skill      XL: |  1  2 |
---------------+-------+-----
Axes           | 2 |  2.2
Fighting       | |  3.4
Armour         | |  1.8
Dodging        | |  0.8
Invocations    | |  2.5

Action                   || total
-------------------------++-------
Melee: Hand axe          ||    53
       Kick              ||    12
Invok: Depart the Abyss  ||     1
  Use: Scroll            ||     4
Armor: Leather armour    ||    41
Dodge: Dodged            ||    23
